 Dungeon Crawl Stone Soup version 0.20.1-1-g8b1a95d (webtiles) character file.

40297 polve the Nimble (level 13, -3/174 HPs)
             Began as a Black Draconian Transmuter on Aug 9, 2017.
             Was a High Priest of Okawaru.
             Slain by a hell hound (11 damage)
             ... on level 6 of the Lair of Beasts.
             The game lasted 00:37:51 (22708 turns).

polve the Nimble (Black Draconian Transmuter)      Turns: 22708, Time: 00:37:52

Health: -3/174     AC: 13    Str: 19    XL:     13   Next: 73%
Magic:  9/15       EV: 23    Int: 17    God:    Okawaru [*****.]
Gold:   778        SH:  0    Dex: 12    Spells: 3/16 levels left

rFire    + . .     SeeInvis .     - Unarmed
rCold    . . .     Gourm    .   (no shield)
rNeg     . . .     Faith    .   (armour unavailable)
rPois    +         Spirit   .   I - +1 hat
rElec    +         Reflect  .   M - scarf of Entitlement {rC+}
rCorr    .         Harm     .   J - +0 pair of gloves
MR       .....                  R - +2 pair of boots
Stlth    ..........             e - amulet of rage
Regen    0.4/turn               d - ring of poison resistance
MPRegen  0.2/turn               s - ring of fire

@: berserking, heroism, very quick
A: breathe lightning, unfitting armour, blink, low mp 1, electricity resistance,
cold-blooded, AC +8
a: Breathe Lightning, Blink, Heroism, Finesse, Renounce Religion, Evoke Berserk
Rage


You were on level 6 of the Lair of Beasts.
You worshipped Okawaru.
Okawaru was extremely pleased with you.
You were very hungry.

You visited 2 branches of the dungeon, and saw 15 of its levels.

You collected 870 gold pieces.
You spent 92 gold pieces at shops.

Inventory:

Missiles
 a - 171 arrows (quivered)
Armour
 I - a +1 hat (worn)
 J - a +0 pair of gloves (worn)
 M - the scarf of Entitlement (worn) {rC+}
   (You found it on level 7 of the Dungeon)

   It protects you from cold.
 R - a +2 pair of boots (worn)
Jewellery
 d - a ring of poison resistance (left hand)
 e - an amulet of rage (around neck)
 r - an uncursed ring of positive energy {unknown}
 s - a ring of fire (right hand)
 T - a cursed amulet of regeneration {unknown}
Wands
 o - a wand of scattershot (5/9)
 L - a wand of acid (4/15)
 P - a wand of digging (14/24)
 V - a wand of iceblast (7/15)
Scrolls
 g - 4 scrolls of amnesia
 h - 7 scrolls of remove curse
 j - 5 scrolls of recharging
 m - 2 scrolls of holy word {unknown}
 n - a scroll of noise {unknown}
 q - a scroll of fear
 v - a scroll of vulnerability {unknown}
 x - 3 scrolls of teleportation
 y - a scroll of blinking {unknown}
 z - 2 scrolls of enchant weapon {unknown}
 D - 2 scrolls of fog
 E - 2 scrolls of acquirement {unknown}
 H - 3 scrolls of enchant armour {unknown}
Potions
 f - 5 potions of curing
 i - 3 potions of flight {unknown}
 p - a potion of ambrosia {unknown}
 t - 4 potions of cancellation
 u - 2 potions of haste {unknown}
 w - a potion of invisibility {unknown}
 A - a potion of resistance {unknown}
 B - 3 potions of might
 F - a potion of agility {unknown}
 G - 2 potions of heal wounds
 K - 2 potions of lignification {unknown}
 Q - a potion of berserk rage {unknown}
 Y - 2 potions of degeneration {unknown}
Books
 b - a book of Changes

   Spells                             Type                      Level
   a - Beastly Appendage              Transmutation                1
   b - Sticks to Snakes               Transmutation                2
   c - Spider Form                    Transmutation/Poison         3
   d - Ice Form                       Ice/Transmutation            4
   e - Blade Hands                    Transmutation                5
 C - a book of Necromancy

   Spells                             Type                      Level
   a - Pain                           Necromancy                   1
   b - Animate Skeleton               Necromancy                   1
   c - Vampiric Draining              Necromancy                   3
   d - Regeneration                   Charms/Necromancy            3
   e - Animate Dead                   Necromancy                   4
   f - Control Undead                 Necromancy                   4
 N - a book of Geomancy

   Spells                             Type                      Level
   a - Sandblast                      Earth                        1
   b - Passwall                       Transmutation/Earth          2
   c - Stone Arrow                    Conjuration/Earth            3
   d - Petrify                        Transmutation/Earth          4
   e - Lee's Rapid Deconstruction     Earth                        5
 S - a book of Maledictions

   Spells                             Type                      Level
   a - Corona                         Hexes                        1
   b - Ensorcelled Hibernation        Hexes/Ice                    2
   c - Confuse                        Hexes                        3
   d - Tukima's Dance                 Hexes                        3
   e - Dazzling Spray                 Conjuration/Hexes            3
 U - a book of Dreams

   Spells                             Type                      Level
   a - Ensorcelled Hibernation        Hexes/Ice                    2
   b - Silence                        Hexes/Air                    5
   c - Darkness                       Hexes                        6
   d - Shadow Creatures               Summoning                    6
 X - a book of Enchantments

   Spells                             Type                      Level
   a - Cause Fear                     Hexes                        4
   b - Yara's Violent Unravelling     Hexes/Transmutation          5
   c - Silence                        Hexes/Air                    5
   d - Deflect Missiles               Charms/Air                   6
   e - Discord                        Hexes                        8
Comestibles
 c - 7 bread rations
 k - 3 meat rations
 l - a royal jelly
 W - 7 chunks of flesh


   Skills:
 + Level 11.4(16.4) Fighting
 - Level 13.0(18.0) Dodging
 + Level 10.9(15.9) Unarmed Combat
 - Level 2.0 Spellcasting
 - Level 11.2 Transmutations
 - Level 6.0 Evocations


You had 3 spell levels left.
You knew the following spells:

 Your Spells              Type           Power        Failure   Level  Hunger
a - Beastly Appendage     Tmut           #####.       1%          1    #......
b - Sticks to Snakes      Tmut           #####...     1%          2    ###....
c - Spider Form           Tmut/Pois      ###.......   6%          3    ###....
d - Blade Hands           Tmut           #####.....   5%          5    ######.
w - Passwall              Tmut/Erth      ###.......   3%          2    ###....


Dungeon Overview and Level Annotations

Branches:
Dungeon (9/15)             Temple (0/1) D:6            Lair (6/6) D:9
 Shoals (0/4) Lair:2       Spider (0/4) Lair:2
  Slime: Lair:5-6       Orc: D:9-12

Altars:
Makhleb
Okawaru
The Shining One

Shops:
D:5 *

Annotations:
Lair:4 exclusion: oklob plant


Innate Abilities, Weirdness & Mutations

You can breathe wild blasts of lightning.
Your glossy black scales are hard. (AC +8)
You cannot fit into any form of body armour.
You are resistant to electric shocks. (rElec)
You are cold-blooded and may be slowed by cold attacks.
You can translocate small distances at will.
Your magical capacity is low. (-10% MP)


Message History

The polar bear bites you.
* * * LOW HITPOINT WARNING * * *
The polar bear barely misses you. The polar bear misses you.
You pummel the polar bear!!
You kill the polar bear!
Okawaru accepts your kill.
The hell hound bites you but does no damage.
You hit the hell hound.
The hell hound is lightly wounded.
The hell hound completely misses you. The hell hound closely misses you.
You pummel the hell hound!!
You kill the hell hound!
Okawaru accepts your kill. The hell hound misses you.
You punch the hell hound!
The hell hound is moderately wounded.
You miss the hell hound.
The hell hound is moderately wounded.
The hell hound bites you!
You die...

#....#.## ## #....#### ##.#.
#..P.#... ##..... #........
##.... ##........ . #....
#.....P... ...## #..# #....####.
#.%..##..####### ##...##...
#†...#...#@#### #.........
.....P#.....=.†#h..####.........
##... #.#.......h....#..........
#%.. #P##.#.#.#.....#...........
##. #P# ########...#P...........
# ## ####P..P.....#...
#........###.# ...P.....# ..
...P.......#


You could see a hell hound and a wolf.

Vanquished Creatures
  Josephine (Lair:5)
  5 hydras
  Erica (D:8)
  A catoblepas (Lair:5)
  7 death yaks
  Nergalle (Lair:2)
  A manticore (D:9)
  6 elephants
  The ghost of Mesmaeker13 the Conjurer, a novice OpCj of Sif Muna (D:7)
  A molten gargoyle (Lair:4)
  A torpor snail (Lair:5)
  2 black mambas
  6 spiny frogs
  6 komodo dragons
  3 rime drakes
  2 merfolk (Lair:2)
  4 polar bears
  13 blink frogs
  12 dream sheep
  Prince Ribbit (D:9)
  A raiju (Lair:6)
  2 slime creatures (D:5)
  8 hippogriffs
  3 wraiths (Lair:5)
  23 yaks
  2 wyverns
  2 basilisks (Lair:1)
  The ghost of equalderp2856 the Shield-Bearer, an amateur MiFi (D:3)
  Eustachio (D:5)
  A hungry ghost (D:7)
  Menkaure (D:4)
  4 wargs
  3 hell hounds (Lair:6)
  An acid dragon (Lair:6)
  9 porcupines
  9 water moccasins
  A swamp drake (Lair:4)
  2 sky beasts
  An orc warrior (D:8)
  5 black bears (Lair:6)
  A phantom (D:9)
  An ice beast (D:7)
  6 necrophages (Lair:2)
  11 wolves
  8 crocodiles
  3 centaurs
  5 big kobolds (D:5)
  14 bullfrogs
  A scorpion (D:7)
  5 wights (D:9)
  3 killer bees
  A howler monkey (D:6)
  3 crimson imps
  2 bullfrog zombies
  5 jellies (D:5)
  A bullfrog skeleton (D:9)
  10 orc wizards
  6 orc priests
  5 hounds
  2 centaur skeletons
  3 iguanas
  4 worker ants
  A hound skeleton (D:4)
  A hound zombie (D:8)
  A worker ant zombie (D:9)
  Robin (D:2)
  10 gnolls
  11 adders
  2 river rats (Lair:4)
  2 shadow imps
  4 oozes
  An adder zombie (D:9)
  3 adder skeletons
  2 worms (D:4)
  3 dart slugs
  10 leopard geckos
  27 orcs
  2 ball pythons
  5 bats (D:1)
  4 giant cockroaches
  10 goblins
  13 hobgoblins
  9 jackals
  5 quokkas
  5 frilled lizards
  9 kobolds
  A leopard gecko skeleton (D:5)
  A quokka skeleton (D:7)
  6 rats
  A plant (Lair:4)
405 creatures vanquished.

Vanquished Creatures (others)
  19 fungi
  9 plants
  9 toadstools (D:5)
37 creatures vanquished.

Grand Total: 442 creatures vanquished

Notes
Turn   | Place    | Note
-------+----------+-------------------------------------------
     0 | D:1      | polve the Draconian Transmuter began the quest for the Orb.
     0 | D:1      | Reached XP level 1. HP: 16/16 MP: 3/3
   193 | D:1      | Reached XP level 2. HP: 10/23 MP: 5/5
   819 | D:1      | Reached XP level 3. HP: 28/28 MP: 6/6
   831 | D:1      | Learned a level 2 spell: Sticks to Snakes
   835 | D:1      | Learned a level 3 spell: Spider Form
  1433 | D:2      | Noticed Robin
  1448 | D:2      | Reached skill level 1 in Evocations
  1473 | D:2      | Killed Robin
  1473 | D:2      | Reached XP level 4. HP: 19/35 MP: 7/7
  1957 | D:2      | Found a glowing golden altar of the Shining One.
  2582 | D:3      | Reached XP level 5. HP: 40/40 MP: 8/8
  2594 | D:3      | Noticed equalderp2856's ghost (amateur MiFi)
  2763 | D:3      | Killed equalderp2856's ghost
  2763 | D:3      | Reached skill level 5 in Unarmed Combat
  2763 | D:3      | Reached XP level 6. HP: 47/47 MP: 7/9
  3258 | D:3      | Found an iron altar of Okawaru.
  3263 | D:3      | Became a worshipper of Warmaster Okawaru
  3993 | D:4      | Noticed Menkaure
  4014 | D:4      | Killed Menkaure
  4014 | D:4      | Your scales start taking on a glossy black colour.
  4014 | D:4      | Reached XP level 7. HP: 52/52 MP: 10/10
  4014 | D:4      | Gained mutation: You are resistant to electric shocks. (rElec) [Black Draconian growth]
  4288 | D:5      | Entered Level 5 of the Dungeon
  4506 | D:5      | Found a burning altar of Makhleb.
  4532 | D:5      | Reached skill level 5 in Evocations
  4941 | D:5      | Noticed Eustachio
  4966 | D:5      | Killed Eustachio
  4966 | D:5      | Reached * piety under Okawaru
  5135 | D:5      | Found Notoesk's Assorted Antiques.
  5271 | D:5      | Reached XP level 8. HP: 55/59 MP: 12/12
  5409 | D:5      | Noticed a slime creature
  5409 | D:5      | Noticed a slime creature
  6213 | D:5      | Reached ** piety under Okawaru
  6296 | D:5      | Killed a slime creature
  6430 | D:5      | Killed a slime creature
  6430 | D:5      | Reached skill level 5 in Fighting
  6536 | D:5      | Bought a scroll labeled EBLYSAXTUD for 25 gold pieces
  6536 | D:5      | Bought a ruby potion for 22 gold pieces
  6536 | D:5      | Bought 2 blue potions for 45 gold pieces
  6832 | D:6      | Reached XP level 9. HP: 70/77 MP: 11/13
  7005 | D:6      | Found a staircase to the Ecumenical Temple.
  7166 | D:7      | Noticed Mesmaeker13's ghost (novice OpCj)
  7169 | D:7      | Got a spiked scarf
  7538 | D:6      | Identified the cursed scarf of Entitlement {rC+} (You found it on level 7 of the Dungeon)
  7838 | D:7      | Reached *** piety under Okawaru
  7972 | D:7      | Killed Mesmaeker13's ghost
  8451 | D:7      | You fall through a shaft!
  8466 | D:8      | Reached **** piety under Okawaru
  8466 | D:8      | Received a gift from Okawaru
  8502 | D:7      | Learned a level 2 spell: Passwall
  8682 | D:7      | Found a burning altar of Makhleb.
  9374 | D:8      | Found an iron altar of Okawaru.
  9604 | D:8      | Reached XP level 10. HP: 71/93 MP: 14/14
  9739 | D:8      | Noticed Erica
  9760 | D:8      | Killed Erica
  9760 | D:8      | Reached skill level 10 in Fighting
 10047 | D:9      | Noticed Prince Ribbit
 10055 | D:9      | Reached skill level 10 in Unarmed Combat
 10059 | D:9      | Killed Prince Ribbit
 10066 | D:9      | Gained mutation: You can translocate small distances at will. [mutagenic meat]
 10067 | D:9      | Gained mutation: Your magical capacity is low. (-10% MP) [mutagenic meat]
 10068 | D:9      | Gained mutation: You are robust. (+10% HP) [mutagenic meat]
 10069 | D:9      | Lost mutation: You are robust. (+10% HP) [mutagenic meat]
 10390 | D:9      | Reached skill level 5 in Transmutations
 10518 | D:9      | Noticed a manticore
 10524 | D:9      | Killed a manticore
 10524 | D:9      | Reached ***** piety under Okawaru
 11110 | D:9      | Found a staircase to the Lair.
 11472 | Lair:1   | Entered Level 1 of the Lair of Beasts
 11479 | Lair:1   | Learned a level 5 spell: Blade Hands
 12014 | Lair:1   | Noticed a six-headed hydra
 12018 | Lair:1   | Killed a six-headed hydra
 12024 | Lair:1   | Reached XP level 11. HP: 101/101 MP: 12/14
 12706 | Lair:2   | Found a hole to the Spider Nest.
 12946 | Lair:2   | Noticed Nergalle
 12963 | Lair:2   | Killed Nergalle
 12963 | Lair:2   | Reached ****** piety under Okawaru
 12963 | Lair:2   | Reached skill level 10 in Transmutations
 13237 | Lair:2   | Received a gift from Okawaru
 13291 | Lair:2   | Got a spiked hat {god gift}
 13302 | Lair:2   | Identified the -3 hat of Dyspraxia {*Corrode rElec Int+7 Slay+5} (Okawaru gifted it to you on level 2 of the Lair of Beasts)
 13819 | Lair:2   | Reached skill level 2 in Dodging
 14193 | Lair:2   | Reached skill level 3 in Dodging
 14291 | Lair:2   | Reached skill level 4 in Dodging
 14593 | Lair:2   | Reached skill level 5 in Dodging
 15079 | Lair:2   | Noticed a five-headed hydra
 15088 | Lair:2   | Killed a five-headed hydra
 15088 | Lair:2   | Reached skill level 6 in Dodging
 15400 | Lair:2   | Found a staircase to the Shoals.
 15417 | Lair:2   | Reached XP level 12. HP: 104/104 MP: 14/14
 15895 | Lair:3   | Noticed a death yak
 15895 | Lair:3   | Noticed a death yak
 15906 | Lair:3   | Noticed a death yak
 15911 | Lair:3   | Killed a death yak
 15911 | Lair:3   | Reached skill level 7 in Dodging
 15923 | Lair:3   | Killed a death yak
 15928 | Lair:3   | Killed a death yak
 15928 | Lair:3   | Reached skill level 8 in Dodging
 17563 | Lair:3   | Reached skill level 9 in Dodging
 17568 | Lair:3   | Received a gift from Okawaru
 17584 | Lair:3   | Got a slimy scarf {god gift}
 17595 | Lair:3   | Identified the scarf "Utsy" {*Slow rElec MR+ Str+4} (Okawaru gifted it to you on level 3 of the Lair of Beasts)
 18363 | Lair:4   | Reached skill level 10 in Dodging
 19286 | Lair:4   | Reached skill level 11 in Dodging
 19422 | Lair:5   | Noticed a catoblepas
 19431 | Lair:5   | Noticed a six-headed hydra
 19436 | Lair:5   | Killed a catoblepas
 19542 | Lair:5   | Killed a six-headed hydra
 19958 | Lair:5   | Noticed Josephine
 19963 | Lair:5   | Reached XP level 13. HP: 34/111 MP: 9/15
 19987 | Lair:5   | Killed Josephine
 20011 | Lair:4   | Received a gift from Okawaru
 20349 | Lair:5   | Reached skill level 12 in Dodging
 20979 | Lair:5   | Reached skill level 13 in Dodging
 21442 | Lair:6   | Entered Level 6 of the Lair of Beasts
 21461 | Lair:6   | Received a gift from Okawaru
 22703 | Lair:6   | HP: 7/174 [polar bear (2)]
 22708 | Lair:6   | Slain by a hell hound

Skill      XL: |  1  2  3  4  5  6  7  8  9 10 11 12 13 |
---------------+----------------------------------------+-----
Transmutations | 3 8 11 | 11.2
Evocations     | 1 2 3 4 6 |  6.0
Unarmed Combat | 4 5 7 8 9 10 | 10.9
Fighting       | 6 9 10 11 | 11.4
Dodging        | 6 11 13 | 13.0
Spellcasting   | |  2.0

Action                   |  1- 3 |  4- 6 |  7- 9 | 10-12 | 13-15 || total
-------------------------+-------+-------+-------+-------+-------++-------
Melee: Unarmed           |   137 |   162 |   476 |   771 |   262 ||  1808
       Tailslap          |    13 |    17 |    65 |   108 |    45 ||   248
       Kick              |     5 |     8 |    17 |       |       ||    30
       Headbutt          |     2 |     3 |    23 |   110 |    18 ||   156
       Punch             |       |     1 |    11 |    34 |    16 ||    62
 Cast: Beastly Appendage |     7 |     9 |    28 |    58 |    15 ||   117
       Blade Hands       |       |       |       |     7 |     9 ||    16
Invok: Heroism           |       |       |       |     5 |    10 ||    15
 Abil: Evoke Berserk Rag |     2 |     4 |    12 |    18 |     7 ||    43
       End Transformatio |       |       |       |       |     1 ||     1
  Use: Scroll            |       |       |     7 |       |     6 ||    13
       Potion            |       |       |       |     1 |     1 ||     2
 Stab: Sleeping          |       |     1 |       |       |       ||     1
       Distracted        |       |       |     1 |       |       ||     1
  Eat: Chunk             |     3 |    12 |    29 |    55 |    11 ||   110
       Fruit             |       |       |     2 |     2 |     4 ||     8
       Royal jelly       |       |       |       |       |     2 ||     2
Armor: Skin              |    43 |    38 |   170 |   213 |    96 ||   560
Dodge: Dodged            |   109 |    75 |   269 |   479 |   343 ||  1275
